 Dungeon Crawl Stone Soup version 0.32-a0-732-ga344392067 (webtiles) character file.

Game seed: 10051740738361385427

15 ColdPorridge the Apothecary (level 2, 0/19 HPs)
             Began as a Coglin Alchemist on Mar 17, 2024.
             Slain by a jackal (2 damage)
             ... on level 1 of the Dungeon.
             The game lasted 00:02:31 (220 turns).

ColdPorridge the Apothecary (Coglin Alchemist)       Turns: 220, Time: 00:02:31

Health: 0/19       AC:  3    Str:  8    XL:     2   Next: 50%
Magic:  0/4        EV: 11    Int: 14    God:
Gold:   5          SH:  0    Dex: 14    Spells: 3/4 levels left

rFire   . . .        c - +0 short sword {Ekveer}
rCold   . . .        e - +0 dagger {Byeongho}
rNeg    . . .        a - +0 robe
rPois   .            f - +0 helmet
rElec   .            (no cloak)
rCorr   .            (no gloves)
SInv    .            (no boots)
Will    .....        (amulet unavailable)
Stlth   ++           (ring unavailable)
HPRegen 0.23/turn    (ring unavailable)
MPRegen 0.09/turn    (no gizmo)

%: no passive effects
@: revved
A: off-hand wielding, slow wielding, warmup strikes, no jewellery
a: Invent Gizmo


You were on level 1 of the Dungeon.
You visited 1 branch of the dungeon, and saw 1 of its levels.

You collected 5 gold pieces.

Inventory:

Hand Weapons
 c - a +0 short sword (weapon) {Ekveer}
 e - a +0 dagger (offhand) {Byeongho}
Missiles
 d - 5 stones
Armour
 a - a +0 robe (worn)
 f - a +0 helmet (worn)
Potions
 b - a potion of magic


   Skills:
 + Level 2.1 Dodging
 + Level 1.9 Stealth
 - Level 1.8 Spellcasting
 - Level 1.0 Conjurations
 + Level 3.5 Alchemy


You had 3 spell levels left.
You knew the following spells:

 Your Spells              Type           Power      Damage    Failure   Level
a - Sting                 Conj/Alch      28%        1d4       10%         1

Your spell library contained the following spells:

 Spells                   Type           Power      Damage    Failure   Level
 Mercury Vapours          Alch/Air       12%        N/A       17%         2
 Mephitic Cloud           Conj/Alch/Air  5%         N/A       36%         3
 Olgreb's Toxic Radiance  Alch           11%        N/A       50%         4
 Sticky Flame             Fire/Alch      6%         2d4       75%         4


Dungeon Overview and Level Annotations

Branches:
Dungeon (1/15)

Altars:

Annotations:
D:1 1 transporter


Innate Abilities, Weirdness & Mutations

You can wield a second weapon in your off-hand.
It takes a long time for you to wield or remove held weapons.
Your first few attacks do less damage.
You cannot equip rings or amulets.


Message History

You hit the rat with your +0 short sword.
You kill the rat!
You closely miss the jackal with your +0 short sword.
You hit the jackal with your +0 dagger.
The jackal bites you but does no damage.
You hit the jackal but do no damage.
The jackal is heavily wounded.
You barely miss the jackal with your +0 dagger.
The jackal bites you.
* * * LOW HITPOINT WARNING * * *
The jackal closely misses you.
You barely miss the jackal with your +0 short sword.
The jackal is heavily wounded.
You closely miss the jackal with your +0 dagger.
The jackal closely misses you.
Casting: Sting (safe; 10% risk of failure)
Confirm with . or Enter, or press ? or * to list all spells.
Aiming: Sting (safe; 10% risk of failure)
Press: ? - help, Shift-Dir - straight line, f - jackal
Aim: a jackal (heavily wounded, 60% to hit)
Okay, then.
You hit the jackal with your +0 dagger.
The jackal is severely wounded.
You barely miss the jackal with your +0 short sword.
The jackal closely misses you. The jackal barely misses you.
Okay, then.
Casting: Sting (safe; 10% risk of failure)
Confirm with . or Enter, or press ? or * to list all spells.
Aiming: Sting (safe; 10% risk of failure)
Press: ? - help, Shift-Dir - straight line, f - jackal
Aim: a jackal (severely wounded, 60% to hit)
The sting hits the jackal but does no damage.
The jackal is poisoned.
The jackal is severely wounded.
The jackal bites you.
* * * LOW HITPOINT WARNING * * *
You hit the jackal with your +0 short sword.
You kill the jackal!
The jackal bites you.
You die...

≈≈# #.##..#.#
#.# ≈≈# ###.#
#.#.#. #.# ≈≈#
#...#
#.#...###.###
≈≈# #.###
.....#.....#
~####.#
#.#.#.....# ##
#..#
#.........#
#.##
#.#.#.....#
#.# #.......#
###.#
##@######
#...# #h###
##.###
#gS.#########
...#
###.##......#
...#
#..#......#
..##
##.†.h....#
..# ###[.....#
###
.......(.>...#
#
###.###....?.#


You could see a jackal, a goblin and a ball python.

Vanquished Creatures
  2 ball pythons (D:1)
  An endoplasm (D:1)
  A giant cockroach (D:1)
  A hobgoblin (D:1)
  2 jackals (D:1)
  A quokka (D:1)
  A bat (D:1)
  3 frilled lizards (D:1)
  A goblin (D:1)
  A kobold (D:1)
  2 rats (D:1)
16 creatures vanquished.

Notes
Turn   | Place    | Note
-------+----------+-------------------------------------------
     0 | D:1      | ColdPorridge the Coglin Alchemist began the quest for the
                  | Orb.
     0 | D:1      | Reached XP level 1. HP: 13/13 MP: 3/3
    77 | D:1      | Reached skill level 1 in Conjurations
   189 | D:1      | Reached XP level 2. HP: 15/19 MP: 0/4
   220 | D:1      | Slain by a jackal

Illustrated notes

Levels and vault maps discovered:
D:1:      spicycebolla_arrival_transporter_tutorial, layout_rooms,
          minmay_pentomino_u4

Skill      XL: |  1  2 |
---------------+-------+-----
Conjurations   | 1 |  1.0
Dodging        | 2 |  2.1
Stealth        | |  1.9
Spellcasting   | |  1.8
Alchemy        | |  3.5

Action                     || total
---------------------------++-------
  Melee: Short sword       ||    28
         Dagger            ||    26
   Cast: Sting             ||    14
 Armour: Robe              ||    23
  Dodge: Dodged            ||    17

Table legend: (Time is in decaauts)
 A = Elapsed time spent in this place.
 B = Non-inter-level travel time spent in this place.
 C = Inter-level travel time spent in this place.
 D = Time resting spent in this place.
 E = Time spent auto-exploring this place.
 F = Levels seen in this place.
 G = Mean time per level.
                   A        B        C        D        E       F      G
               +--------+--------+--------+--------+--------+-----+--------+
         Total |    224 |    224 |      0 |      0 |      0 |   1 |  224.0 |
       Dungeon |    224 |    224 |      0 |      0 |      0 |   1 |  224.0 |
               +--------+--------+--------+--------+--------+-----+--------+

Top non-repeatable levels by time:
     D:1: 224 daAuts
